 Dungeon Crawl Stone Soup version 0.27.0-1-g7a089689b8 (webtiles) character file.

Game seed: 1504146736971488201

37 Sin92 the Skirmisher (level 3, -1/29 HPs)
             Began as a Demonspawn Fighter on Aug 11, 2021.
             Slain by an adder (3 damage)
             ... on level 1 of the Dungeon.
             The game lasted 00:01:50 (1496 turns).

Sin92 the Skirmisher (Demonspawn Fighter)           Turns: 1496, Time: 00:01:51

Health: -1/29      AC:  6    Str: 16    XL:     3   Next: 23%
Magic:  3/3        EV:  7    Int:  9    God:
Gold:   83         SH:  9    Dex: 13    Spells: 2/2 levels left

rFire    . . .     SeeInvis .   a - +0 long sword
rCold    . . .     Faith    .   c - +0 kite shield
rNeg     . . .     Spirit   .   b - +0 scale mail
rPois    .         Reflect  .   (no helmet)
rElec    .         Harm     .   (no cloak)
rCorr    .         Rampage  .   (no gloves)
Will     .....                  (no boots)
Stlth    ..........             (no amulet)
HPRegen  0.09/turn              (no ring)
MPRegen  0.08/turn              (no ring)

@: lethally poisoned (-1 -> -5), very slightly contaminated, invisible
A: hooves 1
a: no special abilities


You were on level 1 of the Dungeon.
You visited 1 branch of the dungeon, and saw 2 of its levels.

You collected 83 gold pieces.

Inventory:

Hand Weapons
 a - a +0 long sword (weapon)
Armour
 b - a +0 scale mail (worn)
 c - a +0 kite shield (worn)
Scrolls
 e - a scroll of noise {unknown}
 g - a scroll of silence {unknown}
 i - 3 scrolls of identify {unknown}
Potions
 d - a potion of might
 f - a potion of invisibility
 h - a potion of ambrosia {unknown}
 j - a potion of flight {unknown}


   Skills:
 + Level 3.2 Fighting
 * Level 2.3 Long Blades
 + Level 3.0 Armour
 + Level 0.8 Dodging
 + Level 3.0 Shields


You had 2 spell levels left.
You didn't know any spells.
Your spell library was empty.

Dungeon Overview and Level Annotations

Branches:
Dungeon (2/15)

Altars:


Innate Abilities, Weirdness & Mutations

You have large cloven feet.


Message History

You feel sick.
You feel sick.
Found a robe.
You start resting.
You feel sick. x3
You are no longer poisoned.
You start resting.
An adder comes into view.
An adder is nearby!
An adder is nearby!
An adder is nearby!
Unknown command.
An adder is nearby!
It was a potion of invisibility.
You fade into invisibility!
You are very lightly contaminated with residual magic.
The adder hisses angrily.
The adder bites you.
* * * LOW HITPOINT WARNING * * *
You block the adder's attack.
There is a stone staircase leading up here.
The adder bites you but does no damage.
You climb upwards.
There is a stone staircase leading down here.
The adder hisses angrily.
The adder hisses angrily.
The adder bites you.
* * * LOW HITPOINT WARNING * * *
The adder hisses angrily.
You catch the helpless adder completely off-guard!
You hit the adder.
The adder is lightly wounded.
The adder bites you but does no damage.
The adder hisses angrily.
The adder bites you.
* * * LOW HITPOINT WARNING * * *
You are lethally poisoned!
The adder poisons you!
* * * LOW HITPOINT WARNING * * *
You feel sick. You block the adder's attack. The adder bites you.
You die...

..# ..# ..################
..........##.)...##
.###........[.>...############
.##...≈≈≈≈...................#
.##...P≈≈P.........##........##
.##...P≈≈..........##.♣♣♣♣♣♣..##
.##.....≈.......@..#..♣÷♣P♣♣♣..##
.##.............S..#.#####..♣♣..#
.##..................#...#PPP♣♣..
.###..............#..♣...#P.P♣♣♣.
.####......#.....###.'.8.)...._♣.
....###.##.####### #.♣...#..♣♣♣♣.
.........#.# ######.#...#g♣P♣♣..
..#####..#.####...##.#####PP♣♣..#
..# ##...............♣÷♣P♣♣♣..##


You could see an adder.

Vanquished Creatures
  An adder (D:2)
  5 bats
  2 endoplasms (D:1)
  4 goblins (D:1)
  2 hobgoblins (D:1)
  3 quokkas (D:1)
  4 ball pythons
  A frilled lizard (D:1)
  2 kobolds (D:1)
  2 rats (D:1)
26 creatures vanquished.

Vanquished Creatures (others)
  2 plants (D:1)
2 creatures vanquished.

Grand Total: 28 creatures vanquished

Notes
Turn   | Place    | Note
-------+----------+-------------------------------------------
     0 | D:1      | Sin92 the Demonspawn Fighter began the quest for the Orb.
     0 | D:1      | Reached XP level 1. HP: 18/18 MP: 1/1
   166 | D:1      | Gained mutation: You have large cloven feet. [demonic
                  | ancestry]
   166 | D:1      | Reached XP level 2. HP: 23/24 MP: 2/2
   848 | D:1      | Found a faded altar of an unknown god.
  1429 | D:2      | Reached XP level 3. HP: 28/29 MP: 3/3
  1496 | D:1      | Slain by an adder

Illustrated notes

Levels and vault maps discovered:
D:1:      minmay_arrival_jagged, layout_rooms, serial_bayou,
          serial_bayou_lagoon_a, serial_bayou_pond_d, serial_bayou_shore_b,
          serial_bayou_crossing, dilly_ecumenical_altar_fadedgnrine,
          minmay_splitting_lines
D:2:      layout_rooms, uniq_robin, uniq_terence

Skill      XL: |  1  2  3 |
---------------+----------+-----
Long Blades    | 2 |  2.3
Armour         | 3 |  3.0
Shields        | 3 |  3.0
Fighting       | |  3.2
Dodging        | |  0.8

Action                   || total
-------------------------++-------
Melee: Long sword        ||    82
       Kick              ||     8
  Use: Potion            ||     1
 Stab: Invisible         ||     1
Armor: Scale mail        ||    52
Dodge: Dodged            ||    18
Block: Kite shield       ||    44
       Rpst.: Long sword ||     6
